[Event "Hungary Olimpic Hopes 2022"]
[Site "Tapolca"]
[Date "2022.06.23"]
[Round "1.1"]
[White "Kolimar, Kristof Pal"]
[Black "Panda, Barnabas"]
[Result "1-0"]
[ECO "A14"]
[WhiteElo "2203"]
[BlackElo "1777"]
[Annotator "TA"]
[PlyCount "55"]
[EventDate "2022.06.23"]
[EventType "swiss"]
[EventCountry "HUN"]
[SourceTitle "playchess.com"]
[Source "ChessBase"]
[SourceQuality "1"]
[TimeControl "5400+30"]

1. Nf3 Nf6 2. c4 e6 3. g3 d5 4. Bg2 Be7 5. O-O O-O 6. d4 dxc4 7. Qc2 a6 8. a4 Bd7 9. Rd1 Bc6 10. Nc3 {[%mdl 1024] White has compensation. 10.Bg5 gains popularity.} a5 {[#] E05: Open Catalan: 5 Nf3 Be7.} (10... Bxf3 $11 11. Bxf3 Nc6) 11. e4 $1 $16 Na6 12. Ne5 Nb4 {[%emt 0:26:16] White is better.} 13. Qe2 {[%emt 0:14:58] [#]} Qc8 $146 ({Predecessor:} 13... Nd3 14. Nxd3 cxd3 15. Rxd3 Bb4 16. Bg5 h6 17. Bxf6 Qxf6 18. e5 Qe7 19. Bxc6 bxc6 {½-½ (44) Li,C (2730)-Vajda,L (2597) Novi Sad 2016}) 14. Be3 Rd8 15. Nxc4 ({But not} 15. Qxc4 Nc2 $14) 15... b6 16. Ne5 (16. Rac1 $142) 16... Bb7 17. f4 (17. Rac1 $16) 17... c5 (17... Ba6 $11 18. Qf3 Bf8) 18. Qf2 (18. dxc5 $14 Rxd1+ 19. Rxd1 Bxc5 20. Bxc5 Qxc5+ 21. Qf2) 18... cxd4 19. Rxd4 Rxd4 20. Bxd4 Bc5 (20... Nc6 $11 21. Nxc6 (21. Bxb6 Nxe5 22. fxe5 Ng4 $17) 21... Bxc6) 21. Bxc5 Qxc5 22. Qxc5 bxc5 23. Rd1 Kf8 24. g4 {[%emt 0:01:54] White is more active.} Nc6 {[%emt 0:05:35] ...Nxe5 is the strong threat.} 25. Nd7+ Nxd7 26. Rxd7 Rb8 27. e5 Ke8 $2 {[%emt 0:00:55][%mdl 8192] [#]} (27... Ba8 $16) 28. Rxb7 $1 {[%emt 0:00:02][%mdl 512] Weighted Error Value: White=0.14 (very precise) /Black=0.33} 1-0

[Event "Hungary Olimpic Hopes 2022"]
[Site "Tapolca"]
[Date "2022.06.23"]
[Round "1.2"]
[White "Kramar, David"]
[Black "Bodrogi, Bendeguz"]
[Result "0-1"]
[ECO "B30"]
[WhiteElo "1671"]
[BlackElo "2198"]
[Annotator "TA"]
[PlyCount "63"]
[EventDate "2022.06.23"]
[EventType "swiss"]
[EventCountry "HUN"]
[SourceTitle "playchess.com"]
[Source "ChessBase"]
[SourceQuality "1"]
[TimeControl "5400+30"]

1. e4 c5 2. Nf3 Nc6 3. Bb5 Nf6 4. e5 Nd5 5. Bxc6 dxc6 6. O-O {[%emt 0:00:15] B30: Sicilian: 2...Nc6 3 Bb5, lines without ...g6.} Bg4 7. h3 Bh5 8. d3 {[%emt 0:10:16] The position is equal.} (8. e6 $5) 8... e6 {[%emt 0:00:51] [#]} 9. Nbd2 $146 ({Predecessor:} 9. Nc3 Be7 10. Ne4 h6 11. a3 Qc7 12. Re1 Bxf3 13. gxf3 Qxe5 14. Nxc5 Qf5 15. Ne4 Qxh3 {0-1 (29) Kostrikina,A (2161)-Girya,O (2446) Sochi 2016}) 9... Be7 10. Re1 g5 ({Black should try} 10... Qc7 $11) 11. Ne4 $14 h6 12. a3 Qc7 13. c4 Nf4 14. Bxf4 (14. b4 $5) 14... gxf4 15. b4 b6 16. Rb1 Rg8 17. Qe2 cxb4 18. axb4 Rd8 {[#]} (18... Bxf3 $2 19. Qxf3 O-O-O 20. c5 $18 (20. Qxf4 f5 $16)) 19. c5 $1 {Hoping for Nd6+.} Rd4 (19... Bxf3 $2 20. Qxf3 Qxe5 21. Nd6+ Bxd6 22. Rxe5 Bxe5 23. Qxc6+ Ke7 24. Re1 $18 (24. cxb6 axb6 25. Qxb6 Rxd3 $18)) 20. Nd6+ Bxd6 (20... Kf8 $16) 21. exd6 $18 Qd8 22. Rec1 (22. Ra1 $18 Kf8 23. Rxa7 Rxb4 24. cxb6 Qxd6 25. Qe5 Qxe5 26. Nxe5) 22... Qf6 $16 23. Qe5 (23. Kh1 $16) 23... Rxg2+ $1 $11 24. Kf1 Qxe5 {[%emt 0:01:27] The board is on fire.} 25. Nxe5 Rg5 $40 {[%emt 0:03:18][%mdl 128] Black is up to no good.} 26. Nxc6 Rxd3 27. Nb8 $2 {[%emt 0:00:48][%mdl 8192] [#]} (27. h4 $11 Rg7 28. Nxa7) 27... Rxh3 28. Ke1 Rh1+ (28... Re5+ $142 29. Kf1 Be2+ 30. Ke1 Bb5+ 31. Kd1 Rd3+ 32. Kc2 Re2#) 29. Kd2 $19 Rd5+ 30. Kc3 (30. Kc2 {was forced.} Rxc1+ 31. Rxc1 bxc5 32. d7+ Kd8 33. Rg1) 30... Rxc1+ 31. Rxc1 bxc5 32. d7+ {[%emt 0:00:55] Weighted Error Value: White=0.50/Black=0.52} 0-1

[Event "Hungary Olimpic Hopes 2022"]
[Site "Tapolca"]
[Date "2022.06.23"]
[Round "1.3"]
[White "Giang, Tran Nam"]
[Black "Megyeri, Martin"]
[Result "1/2-1/2"]
[ECO "B33"]
[WhiteElo "2124"]
[BlackElo "1624"]
[Annotator "NA RC"]
[PlyCount "92"]
[EventDate "2022.06.23"]
[EventType "swiss"]
[EventCountry "HUN"]
[SourceTitle "playchess.com"]
[Source "ChessBase"]
[SourceQuality "1"]
[TimeControl "5400+30"]

1. e4 c5 2. Nf3 e6 3. d4 cxd4 4. Nxd4 Nf6 5. Nc3 Nc6 6. Ndb5 d6 7. Bf4 e5 8. Bg5 a6 9. Na3 b5 10. Nd5 Be7 11. Bxf6 Bxf6 12. c4 b4 13. Nc2 O-O 14. g3 Bg5 {[%emt 0:09:12] 14...g6 is the recent fashion.} 15. Bg2 Be6 16. O-O {[%emt 0:06:27] [#]} Be7 $146 ({Predecessor:} 16... a5 17. Qd3 Bxd5 18. cxd5 Nb8 19. a3 Na6 20. axb4 Nxb4 21. Nxb4 axb4 22. Qc4 b3 23. Qxb3 {½-½ (22) Muzychuk,A (2564)-Gelfand,B (2703) Jerusalem 2018}) 17. Nxe7+ Qxe7 18. b3 a5 19. Qd3 Rfd8 20. f4 Qa7+ 21. Kh1 f6 22. f5 Bf7 23. g4 h6 24. h4 Qe7 ({Black should try} 24... a4 $11) 25. Qg3 (25. Rf2 $14) 25... Kf8 26. Rf2 Ke8 27. Bh3 Kd7 28. Rd1 Kc7 29. Rfd2 Rab8 30. Qe3 Ra8 31. Bf1 Be8 32. a3 bxa3 33. Nxa3 Nd4 34. Nc2 Nxc2 35. Rxc2 Bc6 36. Rdc1 Rdc8 37. Bg2 Kd8 38. Rd2 Ke8 39. Rcd1 Rd8 40. Qb6 Rac8 41. c5 Qc7 42. Qxc7 Rxc7 43. cxd6 Rb7 44. Rc1 Kd7 45. Rc3 $11 Rc8 46. Kg1 Rb4 1/2-1/2

[Event "Hungary Olimpic Hopes 2022"]
[Site "Tapolca"]
[Date "2022.06.23"]
[Round "1.4"]
[White "Puskas, Mihaly"]
[Black "Matyassy, Lazar"]
[Result "1/2-1/2"]
[ECO "D80"]
[WhiteElo "1692"]
[BlackElo "2161"]
[Annotator "TA"]
[PlyCount "74"]
[EventDate "2022.06.23"]
[EventType "swiss"]
[EventCountry "HUN"]
[SourceTitle "playchess.com"]
[Source "ChessBase"]
[SourceQuality "1"]
[TimeControl "5400+30"]

1. d4 Nf6 2. c4 g6 3. Nc3 d5 4. h4 c5 5. cxd5 Nxd5 6. e4 {[%emt 0:01:45] D80: Grünfeld: Unusual White 4th moves and 4 Bg5.} Nxc3 7. bxc3 Bg7 {[%emt 0:00:13][%cal Rc5d4] [#]} 8. Bb5+ $146 ({Predecessor:} 8. Nf3 cxd4 9. cxd4 Nc6 10. Be3 Bg4 11. d5 Ne5 12. Bb5+ Kf8 13. Rc1 Bxf3 14. gxf3 Qa5+ 15. Qd2 Nxf3+ {0-1 (15) Ozates,T (2217)-Doshi,M (2396) Chess.com INT 2022}) 8... Bd7 (8... Nc6 {keeps more tension.} 9. d5 Qa5 10. Rb1 a6) 9. Bxd7+ Qxd7 10. Be3 Nc6 11. Ne2 Rc8 12. h5 Qg4 13. Ng3 Qxd1+ 14. Rxd1 O-O 15. hxg6 hxg6 16. O-O Rfd8 17. e5 Rd5 18. f4 cxd4 19. cxd4 Rcd8 20. Ne2 Ra5 21. Rd2 Nb4 22. Rb2 Nd5 ({Resist} 22... Rxa2 23. Rxa2 Nxa2 24. Rb1 $14) 23. Bd2 Ra3 24. Rc1 b6 25. Nc3 {[%emt 0:03:47] The position is equal.} Nxc3 26. Rxc3 Rxc3 27. Bxc3 $11 {[%emt 0:00:07][%mdl 4096] Endgame KRB-KRB} e6 28. Kf2 Bf8 29. Rb3 Rc8 30. Ke3 Rc4 31. Ke4 b5 32. a3 a6 33. Bb4 Bxb4 34. Rxb4 Rc6 35. a4 bxa4 36. Rxa4 Rb6 37. g4 Kf8 {[%emt 0:02:21] Weighted Error Value: White=0.06 (flawless) /Black=0.06 (flawless)} 1/2-1/2

[Event "Hungary Olimpic Hopes 2022"]
[Site "Tapolca"]
[Date "2022.06.23"]
[Round "1.5"]
[White "Balazs, Sztella Anna"]
[Black "Karacsonyi, Luca"]
[Result "0-1"]
[ECO "B44"]
[WhiteElo "1572"]
[BlackElo "1834"]
[Annotator "NA RC"]
[PlyCount "88"]
[EventDate "2022.06.23"]
[EventType "swiss"]
[EventCountry "HUN"]
[SourceTitle "playchess.com"]
[Source "ChessBase"]
[SourceQuality "1"]
[TimeControl "5400+30"]

1. e4 c5 2. Nf3 Nc6 3. d4 cxd4 4. Nxd4 e6 5. Be3 Nf6 6. Nc3 a6 7. Bd3 Qc7 8. O-O Be7 9. Be2 O-O 10. f4 d6 11. f5 (11. a4 $11 {deserves consideration.}) 11... Nxd4 12. Qxd4 Bd7 13. Qb6 Qxb6 14. Bxb6 Bc6 15. Bc4 (15. fxe6 $14 fxe6 16. Bc4) 15... exf5 16. exf5 Nd7 17. Be3 Bf6 18. Bd2 Bd4+ 19. Kh1 b5 20. Bb3 Nc5 21. a3 Nxb3 22. cxb3 Rfe8 23. Rae1 Rad8 24. b4 Kf8 25. Bf4 Be5 (25... d5 $17 26. h3 Bf6) 26. Bxe5 dxe5 $15 27. f6 {[%emt 0:01:42] [#]} (27. Kg1 $15) 27... Rd2 $1 28. fxg7+ Kxg7 29. Ne4 Bxe4 30. Rxe4 f5 31. Ree1 Kf6 32. g4 f4 33. Rxf4+ exf4 34. Rxe8 Kg5 35. Rg8+ Kh4 36. Rg7 Rxb2 37. Rxh7+ Kxg4 38. Rg7+ Kf3 39. Rg1 Ke3 40. h4 f3 41. h5 f2 42. Rf1 Kf3 43. h6 Re2 44. h7 Re8 0-1

[Event "Hungary Olimpic Hopes 2022"]
[Site "Tapolca"]
[Date "2022.06.23"]
[Round "1.6"]
[White "Kovacs, Reka"]
[Black "Toth, Timea"]
[Result "1/2-1/2"]
[ECO "B38"]
[WhiteElo "1685"]
[BlackElo "1964"]
[Annotator "NA RC"]
[PlyCount "88"]
[EventDate "2022.06.23"]
[EventType "swiss"]
[EventCountry "HUN"]
[SourceTitle "playchess.com"]
[Source "ChessBase"]
[SourceQuality "1"]
[TimeControl "5400+30"]

1. e4 c5 2. Nf3 Nc6 3. d4 cxd4 4. Nxd4 g6 5. c4 Bg7 6. Be3 Nf6 7. Nc3 O-O 8. Be2 d6 9. O-O Bd7 10. f3 a6 11. Qd2 Nxd4 12. Bxd4 ({Much worse is} 12. Qxd4 {[#]} Ng4 $1 13. Qd3 Nxe3 14. Qxe3 Bc6 $15) 12... Bc6 (12... Re8 $14 {is more appropriate.}) 13. Rab1 Nd7 14. Be3 Rb8 15. Rfc1 a5 16. Nd5 e6 17. Nc3 Nc5 18. Rd1 Be5 19. Bg5 Qc7 20. Bd3 Bd4+ 21. Kh1 e5 22. Ne2 Ne6 23. Bf6 Qb6 24. Qh6 Be3 25. Qh4 h5 26. g4 Bf2 27. Qh3 h4 28. Bxh4 Kg7 29. Bxf2 Qxf2 30. Qg2 Qe3 31. Bc2 Nf4 32. Nxf4 Qxf4 33. Qg3 Qxg3 34. hxg3 Rh8+ 35. Kg2 Rbd8 36. Rh1 a4 37. Bd3 Rb8 38. Rxh8 Rxh8 39. Rd1 Rd8 40. Kf2 f6 41. Be2 Kf7 42. c5 Ke7 43. cxd6+ $1 Rxd6 44. Rxd6 Kxd6 $11 1/2-1/2

[Event "Hungary Olimpic Hopes 2022"]
[Site "Tapolca"]
[Date "2022.06.23"]
[Round "1.7"]
[White "Horvath, Greta"]
[Black "Lazsadi, Kerka Lilla"]
[Result "1-0"]
[ECO "C16"]
[WhiteElo "1365"]
[BlackElo "1755"]
[Annotator "NA RC"]
[PlyCount "87"]
[EventDate "2022.06.23"]
[EventType "swiss"]
[EventCountry "HUN"]
[SourceTitle "playchess.com"]
[Source "ChessBase"]
[SourceQuality "1"]
[TimeControl "5400+30"]

1. e4 e6 2. d4 d5 3. Nc3 Bb4 4. e5 Ne7 5. Bd2 c5 6. Nb5 Bxd2+ 7. Qxd2 O-O 8. Nf3 cxd4 9. Nbxd4 Nbc6 10. Nxc6 bxc6 11. Bd3 c5 12. b3 Bb7 13. O-O Qc7 14. Qg5 c4 15. Bxh7+ Kh8 16. Qh5 Ng8 17. Bxg8+ Kxg8 18. Ng5 Rfe8 19. Qh7+ Kf8 20. Qh8+ Ke7 21. Qxg7 Rf8 22. Qf6+ Kd7 23. Nh7 c3 24. Nxf8+ Rxf8 25. Rad1 Qc5 26. Rfe1 d4 27. Qf4 Bd5 28. Qxd4 Qc7 29. Re3 Rc8 30. Rdd3 Qa5 31. Rxc3 Qxa2 32. Qa4+ Qxa4 33. bxa4 Rb8 34. h3 Rb4 35. Red3 Rb1+ 36. Kh2 Rf1 37. Kg3 a6 38. Rc5 Ke7 39. Rc7+ Kf8 40. Ra7 Re1 41. Re3 Rc1 42. Rc3 Be4 43. Rxa6 Kg7 44. f3 1-0

[Event "Hungary Olimpic Hopes 2022"]
[Site "Tapolca"]
[Date "2022.06.23"]
[Round "1.8"]
[White "Szarvas, Nora Orsolya"]
[Black "Bende, Eniko Tunde"]
[Result "1-0"]
[ECO "B36"]
[WhiteElo "1669"]
[BlackElo "1142"]
[Annotator "NA RC"]
[PlyCount "169"]
[EventDate "2022.06.23"]
[EventType "swiss"]
[EventCountry "HUN"]
[SourceTitle "playchess.com"]
[Source "ChessBase"]
[SourceQuality "1"]
[TimeControl "5400+30"]

1. e4 c5 2. Nf3 Nc6 3. d4 cxd4 4. Nxd4 g6 5. c4 Nf6 6. Nc3 Nxd4 7. Qxd4 d6 8. Be2 Bg7 9. O-O O-O 10. Qd3 Qa5 11. Bd2 Be6 12. Nd5 Qd8 13. Nf4 Bg4 14. Bxg4 Nxg4 15. Bc3 Ne5 16. Bxe5 Bxe5 17. Nd5 e6 18. Nc3 a6 19. Rac1 Qc7 20. g3 Rac8 21. b3 Qa5 22. f4 Qb6+ 23. Kg2 Qd4 24. Rfd1 Qxd3 25. Rxd3 Bxc3 26. Rcxc3 Rc6 27. Kf3 Rfc8 28. Rc1 b5 29. Rdc3 d5 30. exd5 exd5 31. c5 Kf8 32. b4 Ke7 33. Rd3 Ke6 34. Re1+ Kf6 35. Rxd5 a5 36. a3 axb4 37. axb4 Ra6 38. Red1 Ra4 39. R1d4 Ra3+ 40. Kg4 h5+ 41. Kh4 Ra2 42. Kh3 Kg7 43. Rd8 Rc7 44. Rb8 Re7 45. Rd1 Ree2 46. Rh1 f6 47. Rxb5 g5 48. fxg5 fxg5 49. Rb7+ Kg6 50. Rb6+ Kg7 51. c6 Rac2 52. b5 Kg6 53. c7+ Kf5 54. Rf1+ Ke5 55. Rh1 Kf5 56. c8=Q+ Rxc8 57. Rf1+ Ke5 58. Rg6 g4+ 59. Kh4 Rxh2+ 60. Kg5 Rb8 61. Rf5+ Kd4 62. b6 Rg2 63. Rd6+ Ke3 64. Re5+ Kf2 65. Kf4 Rf8+ 66. Rf5 Rxf5+ 67. Kxf5 Rxg3 68. Rd2+ Ke1 69. Rb2 Re3 70. b7 Re8 71. b8=Q Rxb8 72. Rxb8 g3 73. Rb1+ Kf2 74. Kf4 g2 75. Rb2+ Kf1 76. Kf3 Kg1 77. Rxg2+ Kh1 78. Ra2 h4 79. Kg4 h3 80. Kxh3 Kg1 81. Kg3 Kf1 82. Kf3 Kg1 83. Rc2 Kh1 84. Kg3 Kg1 85. Rc1# 1-0

[Event "Hungary Olimpic Hopes 2022"]
[Site "Tapolca"]
[Date "2022.06.23"]
[Round "1.9"]
[White "Lehocz, Jozsef Jr."]
[Black "Janosi, Bence"]
[Result "1-0"]
[ECO "A28"]
[WhiteElo "1963"]
[BlackElo "1314"]
[Annotator "NA RC"]
[PlyCount "95"]
[EventDate "2022.06.23"]
[EventType "swiss"]
[EventCountry "HUN"]
[SourceTitle "playchess.com"]
[Source "ChessBase"]
[SourceQuality "1"]
[TimeControl "5400+30"]

1. c4 e5 2. d3 Nc6 3. Nf3 Nf6 4. Nc3 d6 5. g3 Be7 6. Bg2 O-O 7. O-O Bd7 8. Bd2 Qc8 9. Re1 h6 10. Rc1 Be6 11. Qa4 Bd7 12. Nd5 Re8 13. Qc2 a5 14. a3 Bh3 15. Bxh3 Qxh3 16. Nxc7 Ng4 17. e3 e4 18. dxe4 Nce5 19. Qd1 Nd3 20. Rf1 Nde5 21. Re1 Nd3 22. Qe2 Nxe1 $2 ({Black should play} 22... Ngxf2 $14 23. Rf1 (23. Nxe8 Rxe8 24. Rf1 Nxc1 $14) (23. Nxa8 Rxa8 24. Rf1 Nxc1 $11) 23... Nxc1 24. Qxf2 (24. Rxc1 Nxe4 25. Nxe8 Rxe8 $11) 24... Nd3) 23. Qxe1 Nf6 24. Nxa8 Rxa8 25. Bxa5 $2 (25. Qd1 $16) 25... Nxe4 $2 (25... Qh5 $15 {stays ahead.} 26. e5 dxe5) 26. Bc3 Qf5 27. Qe2 Nxc3 28. Rxc3 Bf6 29. Rb3 Qe4 30. Kg2 g5 31. Qd3 Qc6 32. Qd5 Qxd5 33. cxd5 Ra7 34. Rb6 Kf8 35. Nd4 Bxd4 36. exd4 Ke7 37. Kf3 Kd7 38. Rb3 f5 39. g4 fxg4+ 40. Kxg4 Kc7 41. Rc3+ Kd7 42. b4 Ra8 43. Rf3 Ke7 44. Kh5 Rg8 45. Kxh6 g4 46. Rf4 Rh8+ 47. Kg5 Rxh2 48. Kxg4 $18 1-0

[Event "Hungary Olimpic Hopes 2022"]
[Site "Tapolca"]
[Date "2022.06.23"]
[Round "1.10"]
[White "Karman, Gergely"]
[Black "Feher, Botond"]
[Result "1/2-1/2"]
[ECO "B24"]
[WhiteElo "1382"]
[BlackElo "1792"]
[Annotator "NA RC"]
[PlyCount "68"]
[EventDate "2022.06.23"]
[EventType "swiss"]
[EventCountry "HUN"]
[SourceTitle "playchess.com"]
[Source "ChessBase"]
[SourceQuality "1"]
[TimeControl "5400+30"]

1. e4 c5 2. Nc3 Nc6 3. Bb5 Nd4 4. f4 g6 5. Nf3 a6 6. Be2 Bg7 7. O-O e6 8. d3 Ne7 9. e5 d5 10. exd6 Qxd6 11. Ne4 Qc7 12. c3 Nxe2+ 13. Qxe2 O-O 14. Be3 b6 15. d4 Bb7 16. Nfd2 c4 17. Ng3 b5 18. Nf3 Bxf3 19. Qxf3 Qc6 20. Qxc6 Nxc6 21. Ne4 Rfd8 22. Bf2 Rd5 23. Bh4 a5 24. a3 Nb8 25. Bf6 Nd7 26. Bxg7 Kxg7 27. Rf2 h6 28. g3 Kf8 29. Kg2 Ke7 30. Rc1 Nb6 31. Nc5 Na4 32. Nxa4 bxa4 33. Rcc2 Rb8 34. Rce2 Rdb5 1/2-1/2

[Event "Hungary Olimpic Hopes 2022"]
[Site "Tapolca"]
[Date "2022.06.23"]
[Round "1.11"]
[White "Karacsonyi, Bank"]
[Black "Horvath, Matyas Sandor"]
[Result "0-1"]
[ECO "B07"]
[WhiteElo "1812"]
[BlackElo "1354"]
[Annotator "NA RC"]
[PlyCount "87"]
[EventDate "2022.06.23"]
[EventType "swiss"]
[EventCountry "HUN"]
[SourceTitle "playchess.com"]
[Source "ChessBase"]
[SourceQuality "1"]
[TimeControl "5400+30"]

1. e4 d6 2. d4 Nf6 3. Nc3 g6 4. Be3 Bg7 5. Qd2 Ng4 6. Bg5 h6 7. Bh4 c6 8. h3 Nf6 9. O-O-O ({Better is} 9. f4 $16) 9... b5 10. Qe3 b4 11. Na4 Nbd7 12. Bc4 Nb6 13. Nxb6 axb6 14. Bxf6 exf6 15. Qb3 O-O 16. Qxb4 b5 17. Bb3 {[%emt 0:00:47] [#]} Re8 (17... Qc7 $1 $17 18. Qc3 c5) 18. d5 c5 19. Qxb5 Rxe4 20. Nf3 Ba6 21. Qc6 h5 22. a3 Be2 23. Rde1 (23. Rhe1 {might work better.} Rc8 24. Rxe2 (24. Qb7 $2 f5 $19) 24... Rxe2 25. Qa6 Rxf2 26. Kb1) 23... f5 24. Nd2 Bh6 25. f3 Bxd2+ 26. Kb1 Bxe1 27. fxe4 Ra6 28. Qb7 Rb6 29. Qa7 Bh4 30. exf5 Qb8 31. Qa4 c4 32. fxg6 cxb3 33. gxf7+ Kf8 34. Qxh4 bxc2+ 35. Kc1 Rxb2 36. Qf6 Rb1+ 37. Kd2 c1=Q+ 38. Rxc1 Rb2+ 39. Ke1 Ba6 40. Qh8+ Kxf7 {[%emt 0:00:46] [#]} 41. Rc7+ $3 Kg6 {[#]} 42. Rg7+ $2 (42. Qh7+ $1 $18 Kg5 43. Qe7+ Kf5 44. Qe6+ Kf4 45. Qxd6+ Ke4 46. Qg6+ Kf4 47. Qf6+ Kg3 48. Qe5+ Kxg2 {[#]} 49. Rc2+ $3 Kxh3 50. Qxh5+ (50. Qxb2 Qg3+ 51. Kd1 Qf3+ 52. Re2 Bxe2+ 53. Qxe2 Qxd5+ 54. Ke1 h4 $11) 50... Kg3 51. Qh2+ Kg4 52. Rxb2 Qxh2 53. Rxh2) 42... Kf5 43. Qxh5+ Ke4 44. Rg4+ $11 0-1

[Event "Hungary Olimpic Hopes 2022"]
[Site "Tapolca"]
[Date "2022.06.23"]
[Round "1.12"]
[White "Bihary, Soma Botond"]
[Black "Szabo, Akos"]
[Result "1/2-1/2"]
[ECO "B13"]
[WhiteElo "1283"]
[BlackElo "1662"]
[Annotator "NA RC"]
[PlyCount "86"]
[EventDate "2022.06.23"]
[EventType "swiss"]
[EventCountry "HUN"]
[SourceTitle "playchess.com"]
[Source "ChessBase"]
[SourceQuality "1"]
[TimeControl "5400+30"]

1. e4 c6 2. d4 d5 3. exd5 cxd5 4. Bd3 Nc6 5. c3 Nf6 6. h3 e6 7. Bf4 Be7 8. Ne2 O-O 9. O-O a6 10. a4 Bd6 11. Re1 Re8 12. Nd2 Rb8 13. Nf3 Qc7 14. Bxd6 Qxd6 15. Ng3 e5 16. dxe5 Nxe5 17. Nxe5 Rxe5 18. Rxe5 Qxe5 19. Qe2 Qxe2 20. Bxe2 Bd7 21. a5 g6 22. Rd1 Kf8 23. Bf3 Bc6 24. Ne2 Ke7 25. Nf4 Bb5 26. Rd4 Rd8 27. Nd3 Kd6 28. Nb4 Kc5 29. Nd3+ Bxd3 30. Rxd3 Kc4 31. Rd4+ Kc5 32. Rb4 Rd7 33. Kh2 Re7 34. Rf4 Ne4 35. Bd1 Kb5 36. Bb3 Rd7 37. Bxd5 Rxd5 38. Rxe4 Rd2 39. Rb4+ Kxa5 40. Rxb7 Rxf2 41. b4+ Ka4 42. c4 Rf4 43. b5 axb5 1/2-1/2

[Event "Hungary Olimpic Hopes 2022"]
[Site "Tapolca"]
[Date "2022.06.23"]
[Round "1.13"]
[White "Biro, Beata"]
[Black "Toth, Kinga"]
[Result "1-0"]
[ECO "B23"]
[WhiteElo "1480"]
[BlackElo "1179"]
[Annotator "NA RC"]
[PlyCount "47"]
[EventDate "2022.06.23"]
[EventType "swiss"]
[EventCountry "HUN"]
[SourceTitle "playchess.com"]
[Source "ChessBase"]
[SourceQuality "1"]
[TimeControl "5400+30"]

1. e4 c5 2. Nc3 d6 3. f4 Nc6 4. Bb5 Bd7 5. Nf3 a6 6. Bxc6 Bxc6 7. d3 Nf6 8. O-O g6 9. Qe1 Bg7 10. Qh4 d5 11. e5 Nd7 12. Bd2 Qb6 13. b3 c4+ 14. Kh1 cxd3 15. cxd3 Nc5 16. Be3 Qb4 17. Bxc5 Qxc5 18. Rac1 Qb4 19. d4 O-O 20. f5 e6 21. f6 Bh8 22. Qh6 Rfc8 23. Ng5 Qxd4 24. Qxh7+ 1-0

[Event "Hungary Olimpic Hopes 2022"]
[Site "Tapolca"]
[Date "2022.06.23"]
[Round "1.14"]
[White "Hangyal, Dora"]
[Black "Molnar, Dalma Reka"]
[Result "0-1"]
[ECO "B35"]
[WhiteElo "1163"]
[BlackElo "1554"]
[Annotator "NA RC"]
[PlyCount "78"]
[EventDate "2022.06.23"]
[EventType "swiss"]
[EventCountry "HUN"]
[SourceTitle "playchess.com"]
[Source "ChessBase"]
[SourceQuality "1"]
[TimeControl "5400+30"]

1. e4 c5 2. Nf3 Nc6 3. d4 cxd4 4. Nxd4 g6 5. Nc3 Bg7 6. Be3 Nf6 7. Bc4 O-O 8. O-O d6 9. f4 Qb6 10. Rb1 Nxe4 11. Nce2 e5 12. Nf5 Qb4 13. Nxg7 Qxc4 14. b3 Qb4 15. fxe5 Kxg7 16. a3 Qxa3 17. Qd5 Qb4 18. exd6 Nxd6 19. Bc5 Qe4 20. Qxe4 Nxe4 21. Bxf8+ Kxf8 22. Rf4 f5 23. Rbf1 Kg7 24. g4 g5 25. Rxf5 Bxf5 26. gxf5 Rf8 27. c3 Nd6 28. Ng3 Ne7 29. Nh5+ Kh6 30. f6 Kxh5 31. fxe7 Rxf1+ 32. Kxf1 Kg6 33. Kg2 Kf7 34. Kg3 Kxe7 35. Kg4 Kf6 36. b4 Ne4 37. c4 Kg6 38. h4 gxh4 39. Kxh4 a6 0-1

[Event "Hungary Olimpic Hopes 2022"]
[Site "Tapolca"]
[Date "2022.06.23"]
[Round "1.15"]
[White "Kiss, Inez"]
[Black "Balogh, Gerda"]
[Result "0-1"]
[ECO "C68"]
[WhiteElo "1469"]
[BlackElo "1531"]
[Annotator "NA RC"]
[PlyCount "96"]
[EventDate "2022.06.23"]
[EventType "swiss"]
[EventCountry "HUN"]
[SourceTitle "playchess.com"]
[Source "ChessBase"]
[SourceQuality "1"]
[TimeControl "5400+30"]

1. e4 e5 2. Nf3 Nc6 3. Bb5 a6 4. Bxc6 dxc6 5. Nc3 f6 6. d4 exd4 7. Nxd4 c5 8. Nde2 Qxd1+ 9. Nxd1 Be6 10. Bf4 O-O-O 11. Ne3 Ne7 12. Nc3 g5 13. Bg3 f5 14. Be5 Rg8 15. Bf6 Re8 16. O-O-O f4 17. Ned5 Nc6 18. Rhe1 Rg6 19. g3 Nb4 20. e5 Nxd5 21. Nxd5 Bxd5 22. Rxd5 Rxf6 23. Red1 Rfe6 24. Rd7 R6e7 25. e6 h6 26. gxf4 gxf4 27. c3 Rxe6 28. Rf7 Bd6 29. Rg1 Re1+ 30. Rxe1 Rxe1+ 31. Kd2 Re6 32. Kd3 b6 33. c4 Kb7 34. b3 Kc6 35. Rf5 b5 36. Rf7 b4 37. h3 Rg6 38. Rh7 Rg2 39. Ke2 Rg1 40. Kd2 Rf1 41. Ke2 Ra1 42. Rxh6 Rxa2+ 43. Kf3 Ra3 44. h4 Rxb3+ 45. Kg4 Rb1 46. h5 b3 47. Re6 b2 48. Re2 Rg1+ 0-1

[Event "Hungary Olimpic Hopes 2022"]
[Site "Tapolca"]
[Date "2022.06.23"]
[Round "1.17"]
[White "Hangay, Oliver"]
[Black "Kardos, Levente"]
[Result "1-0"]
[ECO "C60"]
[WhiteElo "1627"]
[BlackElo "1691"]
[Annotator "NA RC"]
[PlyCount "121"]
[EventDate "2022.06.23"]
[EventType "swiss"]
[EventCountry "HUN"]
[SourceTitle "playchess.com"]
[Source "ChessBase"]
[SourceQuality "1"]
[TimeControl "5400+30"]

1. e4 e5 2. Nf3 Nc6 3. Bb5 Nge7 4. c3 g6 5. O-O Bg7 6. d4 exd4 7. cxd4 d5 8. e5 O-O 9. Nc3 Bg4 10. Be3 a6 11. Be2 Be6 12. Ng5 Nf5 13. Nxe6 fxe6 14. Qd2 Nxe3 15. Qxe3 Nb4 16. Qd2 Qh4 17. g3 Qh3 18. Qg5 Rae8 19. Bg4 Qh6 20. Qxh6 Bxh6 21. Rad1 b6 22. a3 Nc6 23. Kg2 Kg7 24. Rfe1 Na5 25. Be2 b5 26. a4 c6 27. h4 Kh8 28. f4 Bg7 29. b4 Nb7 30. a5 h5 31. Na2 Rf7 32. Nc1 Bh6 33. Nd3 Kh7 34. Rc1 Rc7 35. Rc2 Kg7 36. Nf2 Kh7 37. Nh3 Bf8 38. Ng5+ Kg7 39. Rb1 Kg8 40. Bd3 Bh6 41. Bxg6 Ree7 42. Bxh5 Bxg5 43. fxg5 Rh7 44. Bg4 Nd8 45. Rf1 Rhf7 46. Rf6 Rxf6 47. gxf6 Kf8 48. Bh3 Rh7 49. Bg4 Rc7 50. h5 Rh7 51. Bf3 Rc7 52. g4 Nf7 53. Kg3 Kg8 54. Kf4 Kh7 55. g5 Nh8 56. Bg4 c5 57. dxc5 Ng6+ 58. hxg6+ Kg8 59. Bxe6+ Kf8 60. g7+ Rxg7 61. Rh2 1-0

[Event "Hungary Olimpic Hopes 2022"]
[Site "Tapolca"]
[Date "2022.06.23"]
[Round "1.18"]
[White "Kiralyhazi, Mate Ferenc"]
[Black "Papai, Mate"]
[Result "0-1"]
[ECO "B23"]
[WhiteElo "1042"]
[BlackElo "1406"]
[Annotator "NA RC"]
[PlyCount "78"]
[EventDate "2022.06.23"]
[EventType "swiss"]
[EventCountry "HUN"]
[SourceTitle "playchess.com"]
[Source "ChessBase"]
[SourceQuality "1"]
[TimeControl "5400+30"]

1. e4 c5 2. Nc3 e6 3. Bc4 Nc6 4. Nf3 Nge7 5. O-O d5 6. exd5 exd5 7. Be2 g6 8. Re1 Bg7 9. Bf1 O-O 10. g3 Nf5 11. Bg2 Be6 12. d3 Bxc3 13. bxc3 Qd7 14. Ba3 Rfc8 15. Bxc5 Nd8 16. Ba3 Rxc3 17. Bb2 Rc7 18. Be5 Rcc8 19. Bh3 Nc6 20. Bb2 d4 21. Qc1 Nb4 22. Re2 Nxd3 23. Qb1 Nxb2 24. Qxb2 Rc3 25. Ne5 Qc7 26. Rb1 b6 27. Rd1 Rd8 28. Rd3 Rd5 29. Nf3 Ra5 30. Red2 Rxa2 31. Qb5 Raxc2 32. Rxc3 Qxc3 33. Rd3 Qa1+ 34. Bf1 Rc1 35. Rb3 Rxf1+ 36. Kg2 Bxb3 37. Qe8+ Kg7 38. Qe5+ f6 39. Qc7+ Bf7 0-1